Unix NetHack Version 3.7.0-101 Work-in-progress - last build Mar 4 2024 02:26:32 (3c4ac04b664b9ee0831c739617f054b5b60dbfd1,branch:master). Game began 2024-03-09 10:08:45, ended 2024-03-09 10:15:26. elenmirie, neutral female gnomish Archeologist ---.|.| -----..--- --....<| |......k@. ......-.- |.-------- ..... ----.| -.... ---)%%.| |.*. -...--- ---. ..-- --- Elenmirie the Digger St:12 Dx:9 Co:14 In:16 Wi:16 Ch:9 Neutral Dlvl:3 $:50 HP:0(19) Pw:7(7) AC:7 Xp:2/39 T:886 Latest messages: You miss the jackal. The jackal bites! You miss the jackal. The jackal bites! You miss the jackal. The jackal misses! You miss the jackal. The jackal misses! You miss the jackal. The jackal bites! o - a long sword named Glamdring (weapon in right hand). You miss the jackal. The jackal bites! You kill the jackal! x - a red gem. What do you want to rub? [g or ?*] g What do you want to rub on the stone? [$x or ?*] x x - a jasper stone. You hear some noises in the distance. You miss the lichen. You kill the lichen! The jackal bites! You miss the jackal. The jackal bites! You miss the jackal. You hear some noises in the distance. The jackal bites! You miss the jackal. The jackal bites! You miss the jackal. The jackal bites! The jackal misses! You kill the jackal! You miss the jackal. The jackal bites! You miss the jackal. The jackal bites! You miss the jackal. The jackal misses! You kill the jackal! You hit the large kobold. The large kobold misses! You hit the large kobold. The large kobold hits! You die... Do you want your possessions identified? [ynq] (y) y Do you want to see your attributes? [ynq] (y) y Do you want an account of creatures vanquished? [ynaq] (y) y Do you want to see your conduct and achievements? [ynq] (y) y Do you want to see the dungeon overview? [ynq] (y) y Inventory: Coins $ - 50 gold pieces Weapons m - 7 uncursed +0 darts a - an uncursed +2 bullwhip o - an uncursed +2 long sword named Glamdring (weapon in right hand) Armor c - an uncursed +0 fedora (being worn) v - an uncursed +0 dwarvish cloak b - an uncursed +0 leather jacket l - an uncursed +0 studded leather armor (being worn) Comestibles d - 6 uncursed food rations Scrolls u - an uncursed scroll of light s - an uncursed scroll of teleportation Tools w - an uncursed sack containing 1 item i - an uncursed tin opener n - an uncursed tin whistle t - an uncursed tinning kit (0:33) Gems/Stones x - an uncursed jasper stone g - an uncursed touchstone Contents of the sack: an uncursed +0 pick-axe Elenmirie the Archeologist's attributes: Background: You were a Digger, a level 2 female gnomish Archeologist. You were neutral, on a mission for Camaxtli who was opposed by Quetzalcoatl (lawful) and Huhetotl (chaotic). You were right-handed. You were in the Gnomish Mines, on level 3. You entered the dungeon 886 turns ago. There was a new moon in effect when your adventure ended. You had 39 experience points, 1 more was needed to attain level 3. Basics: You had 0 out of 19 hit points. You had all 7 energy points (spell power). Your armor class was 7. Your wallet contained 50 zorkmids. Autopickup was on for '$' plus thrown. Final Characteristics: Your strength was 12 (limit:18/50). Your dexterity was 9 (limit:18). Your constitution was 14 (limit:18). Your intelligence was 16 (limit:19). Your wisdom was 16 (limit:18). Your charisma was 9 (limit:18). Final Status: You weren't hungry. You were unencumbered. You were wielding a long sword. You had no skill with long sword. Final Attributes: You were devoutly aligned. You had automatic searching. You had infravision. You were warded. You are dead. Miscellaneous: You never encountered a bones level. Total elapsed playing time was 6 minutes and 38 seconds. Major events: Turn 1: elenmirie the neutral female gnomish Archeologist entered the dungeon 821: entered the Gnomish Mines 886: killed by a large kobold Vanquished creatures: a dwarf a hobbit a giant rat 7 jackals a kobold a goblin 3 lichens a kobold zombie 5 newts 21 creatures vanquished. No species were genocided or became extinct. Voluntary challenges: You were an atheist. You were illiterate. You never engraved Elbereth. You never genocided any monsters. You never polymorphed an object. You never changed form. You used no wishes. Achievements: You entered a shop. You entered the Gnomish Mines. The Dungeons of Doom: levels 1 to 2 Level 1: Level 2: Stairs down to The Gnomish Mines. The Gnomish Mines: Level 3: <- You were here. Final resting place for you, killed by a large kobold. Game over: ---------- / \ / REST \ / IN \ / PEACE \ / \ | elenmirie | | 50 Au | | killed by a | | large kobold | | | | | | 2024 | *| * * * | * _________)/\\_//(\/(/\)/\//\/|_)_______ Goodbye elenmirie the Archeologist... You died in The Gnomish Mines on dungeon level 3 with 301 points, and 50 pieces of gold, after 886 moves. You were level 2 with a maximum of 19 hit points when you died.